← All builds
Tech / Armada / Economy first / OBSERVED BUILD

Standard tech

Armada Tech (Eco) build order · Supreme Isthmus

Rushes T2 by 4:15, gets Advanced Metal Extractor around 5:28, hands off T2 constructors to Geo and the team, then scales eco and supplies the team's T2 needs through the rest of the game.

Usually first T2 con to Geo (83%)

#eco #t2 #team support · 1579 distinct matches · 255 players · 58% of Armada Tech games · team won 53% of 1874 · Recently observed

HOW TO PLAY IT

Key timing: T2 factory by 4:15

  1. Open 3 mex and heavy wind to fund a fast T2 rush.
  2. Put down Bot Lab, planning to eat it for reclaim soon after.
  3. Get Advanced Bot Lab up, hitting the T2 factory rush timing.
  4. Upgrade mex to Advanced Metal Extractor to lock in team metal income.
  5. Eat Advanced Bot Lab and keep sending cons to Geo and Pond.

Phase by phase

TYPICAL OF ITS 1579 GAMES
  1. 1
  2. 2
  3. 3
  4. 4
PLAY THE OPENING

Follow the example game's first 6:00 step by step: what to build now, what comes next, and where it goes. At 1× it keeps pace with your own game.

  1. 1

    Up to the Bot Lab

    Economy
    • Metal Extractor3Mex
    • Wind Turbine4Wind
    Order
    1. Bot LabBot Lab after 3 mex, 4 winddone ~1:18, middle half 1:13–1:32

    Some games also: energy storage (31%)

    By 1:01 in all: 3 mex · 4 wind

    The example game in this phase · 6 steps
    1. Mex ×3
    2. Solar
    3. Wind ×3
    4. Energy storage
    5. Wind ×2
    6. Bot LabBot Labdone 1:43 · typical 1:18
  2. 2

    Bot Lab to Advanced Bot Lab

    Economy
    • Metal Extractor1Mex
    • Wind Turbine8Wind
    • Energy Storage1Energy storage
    Order
    1. Advanced Bot LabAdvanced Bot Lab after 4 mex, 12 wind, 3 con turretdone ~4:16, middle half 4:04–4:30
    Builders
    • Construction Turret3 Con turret
    • Lazarus3 Lazarus
    • Construction Bot2 Con bot
    • Construction Bot1 Con bot for allies

    Some games also: converter (36%)

    By 3:18 in all: 4 mex · 12 wind · 1 energy storage · 3 con turret

    The example game in this phase · 10 steps
    1. Construction BotCon bot
    2. Construction BotCon botfor Air
    3. Con turret
    4. Construction BotCon bot
    5. Wind ×2
    6. LazarusLazarus
    7. Wind ×2
    8. LazarusLazarus
    9. Wind ×2
    10. Advanced Bot LabAdvanced Bot Labdone 4:16 · typical 4:16
  3. 3

    Advanced Bot Lab to 5:00

    Economy
    • Wind Turbine3Wind
    Order
    1. Bot LabEat Bot Lab
    Builders
    • Advanced Construction Bot1 T2 con bot for allies

    Some games also: converter (35%)

    By 5:00 in all: 4 mex · 15 wind · 1 converter · 1 energy storage · 3 con turret

    The example game in this phase · 9 steps
    1. Mex
    2. Wind ×2
    3. Bot LabEat Bot Labreclaimed for its metal
    4. Wind ×3
    5. Advanced Construction BotT2 con botfor Geo
    6. Wind
    7. SharpshooterSniper botfor Ponddone 4:55
    8. Wind
    9. SharpshooterSniper botfor Pond
  4. 4

    5:00 to 10:00

    Economy
    • Wind Turbine43Wind
    • Energy Converter6Converter
    Builders
    • Butler9 Butler
    • Advanced Construction Bot4 T2 con bot for allies
    • Advanced Construction Bot1 T2 con bot

    Some games also: con turret (43%) · Butler for allies (36%)

    By 10:00 in all: 4 mex · 58 wind · 8 converter · 1 energy storage · 3 con turret

    The example game in this phase · 131 steps
    1. Wind
    2. Advanced Construction BotT2 con botfor Air
    3. Con turret
    4. Advanced Metal ExtractorT2 mexdone 6:38 · typical 5:29
    5. Advanced Construction BotT2 con botfor unknown
    6. Advanced Metal ExtractorT2 mex ×2
    7. Con turret
    8. Advanced Metal ExtractorT2 mex
    9. Advanced Construction BotT2 con botfor Pond
    10. Wind ×9
    11. Advanced Construction BotT2 con botfor Beach sea
    12. Wind ×6
    13. ButlerButler
    14. Wind
    15. ButlerButler
    16. Wind
    17. GunslingerGunslingerdone 9:52
    18. Wind
    19. ButlerButler
    20. Wind
    21. ButlerButler
    22. Wind
    23. ButlerButler
    24. Wind
    25. ButlerButler ×2
    26. Wind
    27. ButlerButler
    28. Wind
    29. ButlerButler ×2
    30. Wind ×2
    31. ButlerButler
    32. Wind ×2
    33. ButlerButler
    34. Wind
    35. ButlerButler
    36. Wind ×32
    37. Converter
    38. Advanced Construction BotT2 con bot
    39. Con turret
    40. Wind ×3
    41. Converter
    42. Wind ×2
    43. Converter
    44. Wind ×2
    45. Metal storage
    46. Wind ×2
    47. Converter
    48. Wind ×3
    49. Con turret
    50. Converter
    51. Wind ×3
    52. Fusion ReactorFusiondone 13:23
    53. Wind
    54. Converter
    55. Con turret
    56. Wind ×4
    57. Converter
    58. Con turret
    59. Wind ×4
    60. Converter
    61. Con turret
    62. Wind ×4
    63. Converter
    64. Wind ×3
    65. Converter
    66. Wind ×4
    67. Advanced Bot LabEat Advanced Bot Labreclaimed for its metal
    68. Wind
    69. Converter
    70. Con turret
    71. Wind ×3
    72. Converter
    73. Wind ×5
    74. Converter
    75. Wind ×3
    76. Converter ×2
    77. Wind ×3
    78. Converter
    79. Wind
    80. Converter
    81. Wind
    82. Converter
    83. Wind ×2
    84. Converter
    85. Wind ×2
    86. Converter ×2
    87. Wind ×2
    88. Converter
    89. Wind
    90. Hardened Energy Storage
    91. Wind
    92. Converter ×2
    93. Wind ×4
    94. Converter
    95. Wind ×2
    96. Converter
    97. Fusion ReactorFusion
    98. Wind
    99. Converter
    100. Wind
    101. Converter ×2
    102. Wind ×4
    103. Converter
    104. Wind ×4
    105. Converter
    106. Wind ×2
    107. Converter
    108. Wind ×2
    109. Converter
    110. Wind ×4
    111. T2 converter
    112. Converter
    113. Wind ×3
    114. Converter
    115. Wind ×3
    116. Converter
    117. Wind ×4
    118. Converter
    119. Wind ×2
    120. Converter
    121. Wind ×3
    122. Converter
    123. Wind ×4
    124. Converter
    125. Wind ×3
    126. Advanced Bot LabAdvanced Bot Labnot finished by 15:00
    127. Converter
    128. Wind ×4
    129. Converter
    130. Wind ×4
    131. Converter

Counts are medians over the build's games: half of them build more, half fewer. The example game is [Grump]FranzDK's (31 OS, 20/08/2026); pick another.

Team trades

IN AT LEAST 30% OF ITS GAMES

You hand over

  • Construction Bot1 Con bot to Airfirst at 2:23 · in 84% of games
  • Advanced Construction Bot5 T2 con bot to Air or Geo sea or Pondfirst at 4:50 · in 99% of games
  • Butler2 Butler to Geo sea or Beach sea or Pondfirst at 9:07 · in 42% of games

You get

  • Hercules1 Light transport from Airfirst at 4:01 · in 86% of games

How it plays out

Typical game of this build, running totals by minute

Metal produced

020k40k
0:005:0010:0015:00

metal

Enemy metal destroyed

050100
0:005:0010:0015:00

metal

Own metal lost

050100150
0:005:0010:0015:00

metal

1874 games.

Show as table
ByMetal produced: This buildEnemy metal destroyed: This buildOwn metal lost: This build
1:0038300
2:0091500
3:00165100
4:00314400
5:00484700
6:00580000
7:00722700
8:00906100
9:001117300
10:001350300
11:001624200
12:001965600
13:002344500
14:0027362073
15:003154285130
WHAT THE NUMBERS SAY

Standard Tech play barely fights at all early, instead pouring metal into T2 infrastructure and constructors for the team.

  • + Metal produced hits 31679 by 15:00, by far the highest of any role here.
  • + T2 factory reached in 97% of games by 4:15, fastest and most reliable T2 timing.
  • − Enemy metal destroyed stays at 0 through 10:00, no early offense at all.
  • − Own metal lost also near 0, showing total avoidance of combat risk.
THE EXAMPLE YOU ARE READING

[Grump]FranzDK

30.9 OS · 20/08/2026

Open source match ↗

2 received units
2785 metal received · 56839 energy received

Allied construction assistance is unknown. Timings are observations, not a promise of solo reproducibility.

Typical milestones

Bot Lab1:18Middle 50%: 1:13–1:32 · n=1874
Advanced Bot Lab4:16Middle 50%: 4:04–4:30 · n=1867
Advanced Metal Extractor5:29Middle 50%: 5:05–5:59 · n=1870

Played most by

Amrissa93games of this buildTheGeneraI66games of this buildAdeus57games of this buildEl_Turco56games of this buildKOT_43games of this build
Standard tech · Armada Tech (Eco) build order · BAR Build Atlas